← All builds
Suicide front / Armada / Factory first / OBSERVED BUILD

Standard suicide front

Armada Suicide front build order · Supreme Isthmus

The role's baseline: Bot Lab at 0:21 then straight into reclaim-fed T1 bot production to contest the middle and hold until T2 arrives, with an Advanced Metal Extractor around 9:45.

#rush · 2020 distinct matches · 232 players · 71% of Armada Suicide front games · team won 59% of 2395 · Recently observed

HOW TO PLAY IT

Key timing: Bot Lab by 0:20

  1. Open with mex and lab-first to get Bot Lab up by 0:20.
  2. Expand mex and wind while lab pumps units toward middle.
  3. Push Sentry and early Rocketeer, Centurion to contest middle.
  4. Get T2 constructor out once Pond's boost lets you spare metal.
  5. Upgrade mex to Advanced Metal Extractor as you transition off T1 spam.

Phase by phase

TYPICAL OF ITS 2020 GAMES
  1. 1
  2. 2
  3. 3
PLAY THE OPENING

Follow the example game's first 6:00 step by step: what to build now, what comes next, and where it goes. At 1× it keeps pace with your own game.

  1. 1

    Bot Lab first

    Order
    1. Bot LabBot Lab done ~0:21, middle half 0:20–0:33

    Some games also: mex (44%)

  2. 2

    Bot Lab to 5:00

    Economy
    • Metal Extractor5Mex
    • Wind Turbine4Wind
    Builders
    • Construction Bot3 Con bot
    • Lazarus2 Lazarus
    Army
    • Sentry4 Sentry
    • Rocketeer16 Rocketeer
    • Tick2 Tick
    • Centurion1 Centurion
    Other
    • Radar Tower1 Radar Tower

    Some games also: pawn (37%) · con turret (34%)

    By 5:00 in all: 5 mex · 4 wind

    The example game in this phase · 29 steps
    1. Mex
    2. TickTick
    3. Construction BotCon bot
    4. Wind
    5. Construction BotCon bot
    6. SentrySentry
    7. Mex
    8. Construction BotCon bot
    9. Mex ×2
    10. LazarusLazarus
    11. SentrySentry
    12. Wind
    13. RocketeerRocketeer
    14. Radar TowerRadar Tower
    15. RocketeerRocketeer
    16. Energy storage
    17. RocketeerRocketeer ×3
    18. CenturionCenturion
    19. Wind
    20. LazarusLazarus
    21. RocketeerRocketeer
    22. Wind
    23. RocketeerRocketeer ×4
    24. LazarusLazarus
    25. RocketeerRocketeer ×2
    26. Mex
    27. RocketeerRocketeer
    28. CenturionCenturion
    29. RocketeerRocketeer ×7
  3. 3

    5:00 to 10:00

    Economy
    • Metal Extractor1Mex
    • Wind Turbine15Wind
    Builders
    • Construction Turret2 Con turret
    • Lazarus2 Lazarus
    • Construction Bot1 Con bot
    Army
    • Sentry1 Sentry
    • Rocketeer8 Rocketeer

    Some games also: pawn (49%) · Radar Tower (46%) · tick (45%) · centurion (44%) · energy storage (43%) · eat Bot Lab (31%)

    By 10:00 in all: 6 mex · 21 wind · 1 energy storage · 2 con turret

    The example game in this phase · 98 steps
    1. RocketeerRocketeer
    2. SentrySentry
    3. RocketeerRocketeer
    4. LazarusLazarus
    5. RocketeerRocketeer ×7
    6. LazarusLazarus ×2
    7. Advanced Metal ExtractorT2 mexdone 7:48 · typical 9:46
    8. LazarusLazarus
    9. RocketeerRocketeer
    10. CenturionCenturion
    11. Advanced Metal ExtractorT2 mex
    12. Construction BotCon bot ×2
    13. RattlesnakeRattlesnakedone 10:02
    14. Wind ×5
    15. ArbalestArbalest
    16. Wind ×2
    17. Construction BotCon bot
    18. Advanced Metal ExtractorT2 mex
    19. Wind
    20. Construction BotCon bot
    21. Wind
    22. Construction BotCon bot
    23. Wind
    24. Con turret
    25. Construction BotCon bot
    26. CenturionCenturion
    27. Wind
    28. CenturionCenturion ×2
    29. Dragon's TeethDragon's Teeth
    30. Wind
    31. Dragon's TeethDragon's Teeth
    32. CenturionCenturion
    33. Dragon's TeethDragon's Teeth
    34. CenturionCenturion
    35. Dragon's TeethDragon's Teeth
    36. CenturionCenturion
    37. Dragon's TeethDragon's Teeth
    38. Con turret
    39. Wind
    40. Dragon's TeethDragon's Teeth ×2
    41. Wind
    42. Dragon's TeethDragon's Teeth ×2
    43. Con turret
    44. Dragon's TeethDragon's Teeth ×3
    45. TickTick
    46. Con turret
    47. Dragon's TeethDragon's Teeth
    48. TickTick
    49. Dragon's TeethDragon's Teeth
    50. TickTick
    51. Dragon's TeethDragon's Teeth
    52. Wind
    53. Dragon's TeethDragon's Teeth ×2
    54. TickTick
    55. Dragon's TeethDragon's Teeth ×2
    56. Wind
    57. TickTick
    58. Dragon's TeethDragon's Teeth
    59. Converter
    60. Wind
    61. Con turret
    62. Dragon's TeethDragon's Teeth
    63. TickTick
    64. Con turret
    65. Radar TowerRadar Tower
    66. Dragon's TeethDragon's Teeth
    67. Wind ×3
    68. TickTick
    69. Wind ×2
    70. TickTick
    71. Wind ×2
    72. TickTick
    73. Wind ×2
    74. TickTick
    75. Converter
    76. Wind
    77. TickTick
    78. Wind ×3
    79. TickTick
    80. Converter
    81. Wind ×2
    82. Converter
    83. TickTick
    84. Wind ×2
    85. TickTick
    86. Wind
    87. TickTick
    88. Wind ×5
    89. TickTick
    90. Wind ×2
    91. TickTick
    92. Wind ×2
    93. Con turret
    94. TickTick
    95. Wind ×3
    96. TickTick
    97. Wind ×2
    98. TickTick

Counts are medians over the build's games: half of them build more, half fewer. The example game is TrapCaT's (41 OS, 13/10/2026); pick another.

Team trades

IN AT LEAST 30% OF ITS GAMES

You hand over

Nothing regular.

You get

  • Tidal Generator4 Tidal from Pondfirst at 0:11 · in 68% of games
  • Advanced Construction Bot1 T2 con bot from Geo or Techfirst at 7:41 · in 57% of games

How it plays out

Typical game of this build, running totals by minute

Metal produced

010k20k
0:005:0010:0015:00

metal

Enemy metal destroyed

05k10k
0:005:0010:0015:00

metal

Own metal lost

05k10k
0:005:0010:0015:00

metal

2395 games.

Show as table
ByMetal produced: This buildEnemy metal destroyed: This buildOwn metal lost: This build
1:0023000
2:0088600
3:002007184130
4:003108643501
5:0041841352998
6:00534921831707
7:00654430512590
8:00776039353502
9:00903546904383
10:001041253145163
11:001188958585965
12:001358364066686
13:001540468757453
14:001729875038214
15:001929281099007
WHAT THE NUMBERS SAY

Standard Suicide front play wins a bit over half its games while taking the heaviest own losses of any role by 15:00.

  • + Produces 20142 metal by 15:00, highest of the front roles.
  • + First kill by 2:01 in all games, fastest contest of middle.
  • − Own metal lost hits 9178 by 15:00, more than enemy metal destroyed.
  • − Only 34% Rocketeer share shows army spread thin across many bot types.
THE EXAMPLE YOU ARE READING

TrapCaT

41.3 OS · 13/10/2026

Open source match ↗

5 received units · includes a constructor
556 metal received · 14571 energy received

Allied construction assistance is unknown. Timings are observations, not a promise of solo reproducibility.

Typical milestones

Bot Lab0:21Middle 50%: 0:20–0:33 · n=2387
Advanced Metal Extractor9:46Middle 50%: 8:50–10:58 · n=1732

Played most by

_X_262games of this buildPlatinumBlonde188games of this buildXad165games of this buildTrapCaT109games of this buildImmort80games of this build